2951 views
Uploaded 2020-04-23 21:19:23
Game version 1.32.3
35:22 long 1on1 ladder game on (2)Dalaran
Saved by BEARAND
2951 views
Uploaded 2020-04-23 21:19:23
Game version 1.32.3
35:22 long 1on1 ladder game on (2)Dalaran

23 units @ 3k
/ 0.4k
126 buildings @ 5.7k
/ 3.2k



| Scroll of Regeneration | 3 | 300 |
| Lesser Clarity Potion | 1 | 70 |
| Potion of Healing | 5 | 750 |
| Staff of Sanctuary | 3 | 750 |
| Orb of Fire | 2 | 650 |
| Boots of Speed | 3 | 750 |
| Staff of Teleportation | 3 | 450 |
| total: | 20 | 3720g |
| Peasant | 14 | 1050 | / | 0 |
| Priest | 1 | 135 | / | 10 |
| Dragonhawk Rider | 4 | 800 | / | 120 |
| Sorceress | 1 | 155 | / | 20 |
| Goblin Shredder | 1 | 375 | / | 100 |
| Goblin Zeppelin | 2 | 480 | / | 120 |
| total: | 23 | 2995g | / | 370w |
| Scout Tower | 111 | 3330 | / | 2220 |
| Arcane Tower | 10 | 700 | / | 500 |
| Guard Tower | 65 | 4550 | / | 3250 |
| Altar of Kings | 1 | 180 | / | 50 |
| Farm | 5 | 400 | / | 100 |
| Lumber Mill | 1 | 120 | / | 0 |
| Arcane Vault | 2 | 260 | / | 60 |
| Town Hall | 2 | 770 | / | 410 |
| Blacksmith | 1 | 140 | / | 60 |
| Barracks | 1 | 160 | / | 60 |
| Arcane Sanctum | 1 | 150 | / | 140 |
| Gryphon Aviary | 1 | 140 | / | 150 |
| Keep | 1 | 320 | / | 210 |
| Castle | 1 | 360 | / | 210 |
| total: | 126 | 5650g | / | 3250w |
| 0:02 | Peasant |
| 0:03 | Peasant |
| 0:03 | Peasant |
| 0:09 | Altar of Kings |
| 0:21 | Farm |
| 0:22 | Peasant |
| 0:42 | Peasant |
| 0:51 | Lumber Mill |
| 0:55 | Scout Tower |
| 1:05 | Peasant |
| 1:20 | Farm |
| 1:22 | Arcane Vault |
| 1:25 | Peasant |
| 1:43 | Arcane Tower |
| 1:45 | Scout Tower |
| 1:47 | Peasant |
| 1:57 | Peasant |
| 2:09 | Blizzard |
| 2:42 | Peasant |
| 2:42 | Peasant |
| 2:42 | Peasant |
| 2:49 | Brilliance Aura |
| 3:00 | Guard Tower |
| 3:01 | Scout Tower |
| 3:02 | Scout Tower |
| 3:02 | Peasant |
| 3:17 | Scroll of Regeneration |
| 3:19 | Peasant |
| 3:54 | Improved Masonry |
| 3:55 | Guard Tower |
| 3:58 | Keep |
| 3:59 | Guard Tower |
| 4:05 | Boots of Speed |
| 5:18 | Scout Tower |
| 5:18 | Scout Tower |
| 5:19 | Scout Tower |
| 5:19 | Scout Tower |
| 5:28 | Farm |
| 5:29 | Farm |
| 5:50 | Guard Tower |
| 6:21 | Guard Tower |
| 6:28 | Lesser Clarity Potion |
| 6:33 | Scroll of Regeneration |
| 6:34 | Potion of Healing |
| 7:30 | Storm Bolt |
| 7:32 | Blizzard |
| 7:50 | Castle |
| 7:52 | Improved Lumber Harvesting |
| 7:52 | Advanced Masonry |
| 8:22 | Town Hall |
| 8:26 | Scout Tower |
| 8:27 | Scout Tower |
| 8:28 | Scout Tower |
| 8:28 | Scout Tower |
| 8:29 | Scout Tower |
| 8:30 | Scout Tower |
| 8:30 | Scout Tower |
| 8:31 | Scout Tower |
| 8:31 | Scout Tower |
| 8:32 | Scout Tower |
| 8:32 | Scout Tower |
| 8:33 | Scout Tower |
| 9:44 | Bash |
| 9:52 | Arcane Tower |
| 9:52 | Arcane Tower |
| 9:53 | Guard Tower |
| 9:55 | Boots of Speed |
| 9:57 | Staff of Teleportation |
| 10:03 | Guard Tower |
| 10:11 | Scroll of Regeneration |
| 10:18 | Guard Tower |
| 10:31 | Guard Tower |
| 10:55 | Arcane Sanctum |
| 11:01 | Imbued Masonry |
| 11:16 | Guard Tower |
| 11:25 | Scout Tower |
| 11:25 | Scout Tower |
| 11:27 | Scout Tower |
| 11:27 | Scout Tower |
| 11:39 | Arcane Vault |
| 12:12 | Staff of Teleportation |
| 12:23 | Staff of Sanctuary |
| 12:27 | Guard Tower |
| 12:33 | Scout Tower |
| 12:34 | Scout Tower |
| 12:51 | Guard Tower |
| 12:52 | Guard Tower |
| 12:56 | Holy Light |
| 12:59 | Scout Tower |
| 13:00 | Scout Tower |
| 13:00 | Scout Tower |
| 13:01 | Guard Tower |
| 13:03 | Guard Tower |
| 13:05 | Gryphon Aviary |
| 13:14 | Boots of Speed |
| 13:23 | Magic Sentry |
| 13:24 | Priest |
| 13:35 | Staff of Sanctuary |
| 13:56 | Scout Tower |
| 13:57 | Scout Tower |
| 13:57 | Scout Tower |
| 13:58 | Scout Tower |
| 14:16 | Potion of Healing |
| 14:16 | Potion of Healing |
| 14:27 | Guard Tower |
| 14:41 | Staff of Sanctuary |
| 14:45 | Orb of Fire |
| 14:53 | Scout Tower |
| 14:54 | Scout Tower |
| 14:54 | Scout Tower |
| 14:55 | Scout Tower |
| 14:55 | Scout Tower |
| 14:55 | Scout Tower |
| 14:56 | Scout Tower |
| 14:56 | Guard Tower |
| 15:30 | Goblin Shredder |
| 15:36 | Orb of Fire |
| 15:50 | Staff of Teleportation |
| 16:02 | Guard Tower |
| 16:18 | Guard Tower |
| 16:33 | Dragonhawk Rider |
| 16:34 | Dragonhawk Rider |
| 16:36 | Guard Tower |
| 16:36 | Guard Tower |
| 16:37 | Guard Tower |
| 16:40 | Divine Shield |
| 17:08 | Blacksmith |
| 17:10 | Barracks |
| 17:18 | Goblin Zeppelin |
| 17:22 | Guard Tower |
| 17:22 | Guard Tower |
| 17:38 | Dragonhawk Rider |
| 17:56 | Farm |
| 18:06 | Potion of Healing |
| 18:06 | Potion of Healing |
| 18:15 | Cloud |
| 18:15 | Guard Tower |
| 18:17 | Scout Tower |
| 18:17 | Scout Tower |
| 18:18 | Scout Tower |
| 18:18 | Scout Tower |
| 18:19 | Scout Tower |
| 18:19 | Scout Tower |
| 18:21 | Dragonhawk Rider |
| 18:24 | Iron Forged Swords |
| 18:40 | Scout Tower |
| 18:41 | Scout Tower |
| 18:41 | Scout Tower |
| 18:42 | Scout Tower |
| 18:42 | Scout Tower |
| 18:43 | Scout Tower |
| 18:43 | Scout Tower |
| 18:44 | Scout Tower |
| 19:12 | Guard Tower |
| 19:13 | Guard Tower |
| 20:09 | Guard Tower |
| 20:09 | Animal War Training |
| 20:12 | Scout Tower |
| 20:13 | Scout Tower |
| 20:13 | Scout Tower |
| 20:13 | Scout Tower |
| 20:15 | Studded Leather Armor |
| 20:15 | Steel Forged Swords |
| 20:29 | Storm Bolt |
| 20:37 | Reinforced Leather Armor |
| 20:38 | Guard Tower |
| 20:43 | Scout Tower |
| 20:43 | Scout Tower |
| 20:43 | Scout Tower |
| 20:44 | Scout Tower |
| 20:44 | Scout Tower |
| 20:44 | Scout Tower |
| 21:22 | Brilliance Aura |
| 21:37 | Guard Tower |
| 21:38 | Guard Tower |
| 21:43 | Priest Adept Training |
| 21:43 | Sorceress Adept Training |
| 22:03 | Sorceress |
| 22:12 | Guard Tower |
| 22:13 | Scout Tower |
| 22:14 | Scout Tower |
| 22:14 | Scout Tower |
| 22:15 | Scout Tower |
| 22:15 | Scout Tower |
| 22:16 | Scout Tower |
| 22:59 | Holy Light |
| 24:05 | Guard Tower |
| 24:10 | Town Hall |
| 24:11 | Scout Tower |
| 24:11 | Scout Tower |
| 24:11 | Scout Tower |
| 24:11 | Scout Tower |
| 24:11 | Scout Tower |
| 24:11 | Scout Tower |
| 24:11 | Scout Tower |
| 24:36 | Scout Tower |
| 24:36 | Scout Tower |
| 24:37 | Scout Tower |
| 24:37 | Scout Tower |
| 24:38 | Scout Tower |
| 24:39 | Scout Tower |
| 24:39 | Scout Tower |
| 24:40 | Scout Tower |
| 24:40 | Scout Tower |
| 24:41 | Scout Tower |
| 24:41 | Scout Tower |
| 24:42 | Scout Tower |
| 24:49 | Guard Tower |
| 25:16 | Guard Tower |
| 25:17 | Scout Tower |
| 25:18 | Scout Tower |
| 25:18 | Scout Tower |
| 25:18 | Scout Tower |
| 25:18 | Scout Tower |
| 25:18 | Scout Tower |
| 25:18 | Scout Tower |
| 25:18 | Scout Tower |
| 25:19 | Scout Tower |
| 25:19 | Scout Tower |
| 25:19 | Scout Tower |
| 25:19 | Scout Tower |
| 25:19 | Scout Tower |
| 25:19 | Scout Tower |
| 25:19 | Scout Tower |
| 25:19 | Scout Tower |
| 25:20 | Scout Tower |
| 25:20 | Scout Tower |
| 25:47 | Guard Tower |
| 25:48 | Guard Tower |
| 25:55 | Guard Tower |
| 26:18 | Guard Tower |
| 26:49 | Arcane Tower |
| 26:50 | Arcane Tower |
| 26:50 | Guard Tower |
| 26:51 | Guard Tower |
| 27:12 | Guard Tower |
| 27:14 | Guard Tower |
| 28:16 | Priest Master Training |
| 28:55 | Bash |
| 29:45 | Blizzard |
| 29:50 | Divine Shield |
| 30:20 | Guard Tower |
| 30:38 | Scout Tower |
| 30:39 | Scout Tower |
| 30:40 | Scout Tower |
| 30:40 | Scout Tower |
| 30:47 | Arcane Tower |
| 30:48 | Arcane Tower |
| 30:49 | Arcane Tower |
| 30:52 | Guard Tower |
| 32:33 | Goblin Zeppelin |
| 32:42 | Guard Tower |
| 34:43 | Storm Bolt |
| Right click | 3073 |
| Select | 983 |
| Select group | 683 |
| Chat | 276 |
| Build/train/purchase | 216 |
| Use ability | 145 |
| Misc. action | 34 |
| Item give/drop | 22 |
| Assign group | 20 |
| Remove unit | 2 |
50 units @ 8.4k
/ 1.3k
15 buildings @ 2.4k
/ 0.9k

| Rod of Necromancy | 1 | 150 |
| Potion of Healing | 1 | 150 |
| Potion of Mana | 1 | 200 |
| total: | 3 | 500g |
| Acolyte | 11 | 825 | / | 0 |
| Ghoul | 7 | 840 | / | 0 |
| Crypt Fiend | 15 | 3225 | / | 600 |
| Obsidian Statue | 3 | 600 | / | 105 |
| Meat Wagon | 5 | 1150 | / | 250 |
| Necromancer | 4 | 580 | / | 80 |
| Abomination | 3 | 720 | / | 210 |
| Goblin Zeppelin | 1 | 240 | / | 60 |
| Forest Troll Shadow Priest | 1 | 195 | / | 10 |
| total: | 50 | 8375g | / | 1315w |
| Nerubian Tower | 2 | 200 | / | 40 |
| Altar of Darkness | 1 | 180 | / | 50 |
| Ziggurat | 9 | 1350 | / | 450 |
| Crypt | 1 | 200 | / | 50 |
| Graveyard | 1 | 215 | / | 0 |
| Tomb of Relics | 1 | 130 | / | 30 |
| Slaughterhouse | 1 | 140 | / | 135 |
| Temple of the Damned | 1 | 155 | / | 140 |
| Halls of the Dead | 1 | 320 | / | 210 |
| Black Citadel | 1 | 325 | / | 230 |
| total: | 15 | 2370g | / | 855w |
| 0:02 | Acolyte |
| 0:02 | Acolyte |
| 0:08 | Altar of Darkness |
| 0:11 | Ziggurat |
| 0:34 | Crypt |
| 1:02 | Graveyard |
| 1:17 | Ziggurat |
| 1:35 | Ghoul |
| 1:41 | Tomb of Relics |
| 1:56 | Ghoul |
| 2:07 | Death Coil |
| 2:19 | Ghoul |
| 2:55 | Ghoul |
| 3:36 | Halls of the Dead |
| 3:37 | Ghoul |
| 3:43 | Unholy Aura |
| 3:49 | Crypt Fiend |
| 4:16 | Crypt Fiend |
| 4:51 | Nerubian Tower |
| 5:18 | Crypt Fiend |
| 5:18 | Crypt Fiend |
| 5:28 | Creature Attack |
| 6:17 | Ghoul |
| 6:17 | Ghoul |
| 6:57 | Ziggurat |
| 7:00 | Ziggurat |
| 7:17 | Slaughterhouse |
| 7:23 | Rod of Necromancy |
| 7:52 | Death Coil |
| 8:11 | Crypt Fiend |
| 8:12 | Nerubian Tower |
| 8:44 | Forest Troll Shadow Priest |
| 9:03 | Obsidian Statue |
| 9:32 | Unholy Aura |
| 9:35 | Obsidian Statue |
| 9:38 | Meat Wagon |
| 9:56 | Acolyte |
| 10:26 | Meat Wagon |
| 11:19 | Meat Wagon |
| 11:37 | Potion of Healing |
| 11:39 | Potion of Mana |
| 12:04 | Meat Wagon |
| 12:04 | Meat Wagon |
| 13:17 | Black Citadel |
| 14:56 | Crypt Fiend |
| 14:56 | Crypt Fiend |
| 15:26 | Crypt Fiend |
| 15:37 | Crypt Fiend |
| 15:50 | Acolyte |
| 16:07 | Acolyte |
| 16:14 | Acolyte |
| 17:25 | Ziggurat |
| 17:29 | Ziggurat |
| 17:31 | Acolyte |
| 17:31 | Acolyte |
| 17:31 | Acolyte |
| 17:31 | Acolyte |
| 17:31 | Acolyte |
| 17:57 | Exhume Corpses |
| 18:02 | Temple of the Damned |
| 18:31 | Creature Carapace |
| 18:37 | Improved Creature Attack |
| 19:09 | Necromancer Adept Training |
| 19:13 | Skeletal Mastery |
| 19:45 | Necromancer |
| 19:47 | Necromancer |
| 19:51 | Obsidian Statue |
| 20:25 | Goblin Zeppelin |
| 20:34 | Necromancer |
| 20:39 | Ziggurat |
| 20:43 | Ziggurat |
| 20:59 | Improved Creature Carapace |
| 21:01 | Necromancer |
| 21:24 | Necromancer Master Training |
| 21:33 | Crypt Fiend |
| 21:33 | Crypt Fiend |
| 21:48 | Crypt Fiend |
| 21:57 | Ziggurat |
| 22:04 | Web |
| 24:45 | Crypt Fiend |
| 24:45 | Crypt Fiend |
| 24:48 | Abomination |
| 24:48 | Abomination |
| 26:01 | Crypt Fiend |
| 26:15 | Abomination |
| 26:50 | Advanced Creature Carapace |
| Right click | 1144 |
| Select | 679 |
| Select group | 134 |
| Build/train/purchase | 120 |
| Use ability | 58 |
| Assign group | 44 |
| Chat | 39 |
| Misc. action | 28 |
| Remove unit | 4 |
| Item give/drop | 2 |